 Dungeon Crawl Stone Soup version 0.25-a0-460-g4f2eb97ec1 (webtiles) character file.

Game seed: 8723505807086325255, levelgen mode: deterministic

275 Brozuf the Firebug (level 6, -1/45 HPs)
             Began as a Draconian Fire Elementalist on Feb 3, 2020.
             Slain by Edmund
             ... wielding a +3 dire flail of draining
              (2 damage)
             ... on level 4 of the Dungeon.
             The game lasted 00:13:36 (5152 turns).

Brozuf the Firebug (Draconian Fire Elementalist)    Turns: 5152, Time: 00:13:36

Health: -1/45      AC:  6    Str: 10    XL:     6   Next: 3%
Magic:  9/10       EV: 11    Int: 17    God:
Gold:   150        SH:  0    Dex: 12    Spells: 7/11 levels left

rFire    . . .     SeeInvis .   g - +0 dagger
rCold    . . .     Gourm    .   (no shield)
rNeg     . . .     Faith    .   (armour unavailable)
rPois    .         Spirit   .   (helmet restricted)
rElec    .         Reflect  .   (no cloak)
rCorr    .         Harm     .   (no gloves)
MR       .....                  (no boots)
Stlth    +.........             (no amulet)
HPRegen  0.15/turn              (no ring)
MPRegen  0.12/turn              (no ring)

@: heavily drained
A: unfitting armour, cold-blooded, AC +6
a: no special abilities


You were on level 4 of the Dungeon.
You were not hungry.

You visited 1 branch of the dungeon, and saw 4 of its levels.

You collected 150 gold pieces.

Inventory:

Hand Weapons
 g - a +0 dagger (weapon)
   (You took it off a goblin on level 1 of the Dungeon)
 s - a +1 vorpal trident
   (You took it off an orc priest on level 3 of the Dungeon)
Missiles
 a - 236 stones (quivered)
Jewellery
 n - an uncursed ring of wizardry {unknown}
   (You found it on level 2 of the Dungeon)
 r - an uncursed ring of resist corrosion {unknown}
   (You found it on level 3 of the Dungeon)
Scrolls
 b - a scroll of noise {unknown}
 c - a scroll of immolation {unknown}
 h - a scroll of random uselessness {unknown}
 i - 3 scrolls of identify {unknown}
 j - a scroll of magic mapping {unknown}
 k - 3 scrolls of remove curse {unknown}
 l - 7 scrolls of enchant weapon {unknown}
 o - 3 scrolls of fear {unknown}
 u - a scroll of enchant armour {unknown}
 v - a scroll of teleportation {unknown}
Potions
 d - 2 potions of haste {unknown}
 f - 4 potions of curing {unknown}
 m - 2 potions of agility
 p - 2 potions of resistance
 q - a potion of cancellation {unknown}
 t - a potion of magic {unknown}
Comestibles
 e - 8 rations {!d}


   Skills:
 + Level 3.1(0.5) Dodging
 - Level 1.7(0.0) Stealth
 + Level 3.0(0.4) Spellcasting
 + Level 2.7(0.1) Conjurations
 * Level 4.8(2.1) Fire Magic


You had 7 spell levels left.
You knew the following spells:

 Your Spells              Type           Power        Failure   Level  Hunger
a - Foxfire               Conj/Fire      #...         14%         1    ##.....
d - Conjure Flame         Conj/Fire      #.......     38%         3    ####...

Your spell library contained the following spells:

 Spells                   Type           Power        Failure   Level  Hunger
 Inner Flame              Hex/Fire       #.......     41%         3    ####...
 Sticky Flame             Conj/Fire      #.......     80%         4    #####..
 Fireball                 Conj/Fire      #.........   98%         5    ######.


Dungeon Overview and Level Annotations

Branches:
Dungeon (4/15)
 Temple: D:4-7

Altars:
Ashenzari
Sif Muna
Uskayaw

Shops:
D:4 [:

Annotations:
D:1 2 exclusions
D:3 exclusion: downstairs, Dowan, Duvessa
D:4 3 runed translucent doors, Edmund; lilly's ghost, novice MiMo


Innate Abilities, Weirdness & Mutations

Your plain brown scales are hard. (AC +6)
You cannot fit into any form of body armour.
You are cold-blooded and may be slowed by cold attacks.


Message History

The foxfire hits Edmund.
Casting: Foxfire (safe; 7% risk of failure)
You conjure some foxfire!
Edmund says, "I'm quite good with sums, too."
Edmund misses you.
Your foxfire dissipates!
The foxfire hits Edmund but does no damage.
Casting: Foxfire (safe; 7% risk of failure)
You conjure some foxfire!
Edmund barely misses you.
The foxfire hits Edmund but does no damage. x2
Edmund grinds his teeth, and then sighs.
Casting: Foxfire (safe; 7% risk of failure)
You conjure some foxfire!
Edmund hits you but does no damage.
You feel drained.
The foxfire hits Edmund. x2
Casting: Foxfire (safe; 8% risk of failure)
You conjure some foxfire!
Edmund hits you with a +3 dire flail of draining!
* * * LOW HITPOINT WARNING * * *
You feel drained.
* * * LOW HITPOINT WARNING * * *
Unknown command.
Unknown command.
The foxfire hits Edmund.
The foxfire hits Edmund but does no damage.
There is an open door here.
There is an open door here.
There is a shattered altar of Ashenzari here.
Edmund says, "You wouldn't believe how much I paid for this flail."
There is an open door here.
Edmund says, "People think my brother is the best.
I think he's crazy."
Edmund asks, "Have you met my wondrous brother?"
There is an open door here.
Edmund gestures with his flail.
There is an open door here.
There is an open door here.
Edmund hits you with a +3 dire flail of draining.
* * * LOW HITPOINT WARNING * * *
You feel drained.
* * * LOW HITPOINT WARNING * * *
Unknown command.
Edmund barely misses you.
All of the chunks of flesh in your inventory have rotted away.
Edmund hits you with a +3 dire flail of draining.
* * * LOW HITPOINT WARNING * * *
You feel drained.
Unknown command.
Edmund hits you with a +3 dire flail of draining!
* * * LOW HITPOINT WARNING * * *
You feel drained.
You die...

########## ###### ....#....#
#....# ....#....# #....#
....#....# #..@.# ....#....#
#..@.# ....#....# #....#
....#....# #....#..... .#
...##...#######...##...# .#
#####...##..#.....##...##.####
..............................
..............................
......................?.......
..............................


You could see Edmund.

Vanquished Creatures
  A scorpion (D:4)
  2 orc priests (D:3)
  An iguana (D:4)
  4 adders
  4 oozes
  A worm (D:2)
  4 dart slugs
  2 leopard geckos
  2 orcs (D:3)
  3 giant cockroaches
  16 goblins
  7 hobgoblins
  3 jackals (D:1)
  8 bats
  9 frilled lizards
  4 kobolds
  11 rats
82 creatures vanquished.

Vanquished Creatures (others)
  252 foxfires
252 creatures vanquished.

Grand Total: 334 creatures vanquished

Notes
Turn   | Place    | Note
-------+----------+-------------------------------------------
     0 | D:1      | Brozuf the Draconian Fire Elementalist began the quest for
                  | the Orb.
     0 | D:1      | Reached XP level 1. HP: 14/14 MP: 3/3
   171 | D:1      | Reached XP level 2. HP: 20/20 MP: 1/5
   460 | D:1      | Reached XP level 3. HP: 21/26 MP: 2/6
  1772 | D:2      | Found a shimmering blue altar of Sif Muna.
  1864 | D:2      | Learned a level 3 spell: Conjure Flame
  2064 | D:2      | Reached XP level 4. HP: 33/33 MP: 1/7
  2260 | D:2      | Reached skill level 4 in Fire Magic
  2925 | D:2      | Found a faded altar of an unknown god.
  3015 | D:3      | Found a hide-covered altar of Uskayaw.
  3529 | D:3      | Reached XP level 5. HP: 38/38 MP: 2/9
  4149 | D:4      | Found Goiklyso's Antique Armour Emporium.
  4149 | D:4      | Noticed Duvessa
  4149 | D:4      | Noticed Dowan
  4738 | D:4      | Found a shattered altar of Ashenzari.
  4897 | D:4      | Reached XP level 6. HP: 45/45 MP: 6/10
  4936 | D:4      | Found a runed translucent gate.
  4937 | D:4      | Found a runed translucent gate.
  4939 | D:4      | Found a runed translucent gate.
  4948 | D:4      | Noticed lilly's ghost (novice MiMo)
  4970 | D:4      | Found Liphejil's Book Boutique.
  4976 | D:4      | Noticed Edmund
  5152 | D:4      | HP: 1/45 [Edmund/+3 dire flail of draining (7)]
  5152 | D:4      | Slain by Edmund

Levels and vault maps discovered:
D:1:      erik_arrival_gehennom, layout_loops_ring, minmay_heptomino_w4
D:2:      layout_loops_cross, lemuel_crystal_altar,
          chequers_ecumenical_altar_twisty, first_ration
D:3:      layout_basic, eat_drink_and_be_merry_uskayaw, st_stairs_8,
          hangedman_abyss_or_decor_stabs, eino_tiny_chamber, minmay_ruptured
D:4:      layout_gridville, nemelex_xobeh_ov_fountains_minmay,
          lemuel_doored_altar, kennysheep_mini, serial_shops,
          kennysheep_little_box, kennysheep_mini_moat, shop,
          nicolae_shop_crystal, shop_coins, ebering_ghost_rock_garden,
          uniq_duvessa, uniq_edmund, uniq_natasha

Skill      XL: |  1  2  3  4  5 |
---------------+----------------+-----
Dodging        | 2 3 |  3.1
Fire Magic     | 4 |  4.8
Conjurations   | 2 |  2.7
Spellcasting   | 3 |  3.0
Stealth        | |  1.7

Action                   |  1- 3 |  4- 6 || total
-------------------------+-------+-------++-------
Melee: Unarmed           |    15 |       ||    15
       Tailslap          |     6 |     6 ||    12
       Dagger            |    42 |    66 ||   108
Throw: Stone             |     2 |     3 ||     5
 Cast: Foxfire           |    81 |    82 ||   163
       Conjure Flame     |       |     1 ||     1
  Eat: Chunk             |     4 |     7 ||    11
       Ration            |     1 |       ||     1
Armor: Skin              |    25 |    25 ||    50
Dodge: Dodged            |    46 |    59 ||   105

Table legend:
 A = Non-vault XP
 B = Vault XP
 C = Vault XP percentage of total XP
 D = Non-vault monster count
 E = Vault monster count
 F = Vault count percentage of total count
                 A         B        C        D         E       F
            +---------+---------+-------+---------+---------+-------
      Total |     364 |      30 |   7.6 |      70 |      12 |  14.6
            +---------+---------+-------+---------+---------+-------
        D:1 |      67 |      24 |  26.4 |      37 |      10 |  21.3
        D:2 |      65 |       0 |   0.0 |      13 |       0 |   0.0
        D:3 |     126 |       6 |   4.5 |      18 |       2 |  10.0
        D:4 |     106 |       0 |   0.0 |       2 |       0 |   0.0
            +---------+---------+-------+---------+---------+-------
